 Dungeon Crawl Stone Soup version 0.29-a0-617-g7a6b98fccd (webtiles) character file.

Game seed: 4267554566994380179

89 dolemite99 the Magician (level 4, -1/35 HPs)
             Began as a Djinni Ice Elementalist on June 18, 2022.
             Slain by a gnoll
             ... wielding a +0 flail
              (11 damage)
             ... on level 3 of the Dungeon.
             The game lasted 00:02:22 (2644 turns).

dolemite99 the Magician (Djinni Ice Elementalist)   Turns: 2644, Time: 00:02:23

Health: -1/35      AC:  4    Str:  7    XL:     4   Next: 84%
Gold:   22         EV: 12    Int: 18    God:
                   SH:  0    Dex: 14

rFire   + + .      SeeInvis .   l - +1 hand axe
rCold   x . .      Faith    .   (no shield)
rNeg    . . .      Spirit   .   a - +1 robe
rPois   ∞          Reflect  .   c - +0 helmet
rElec   .          Harm     .   (no cloak)
rCorr   .          Rampage  .   (no gloves)
Will    .....                   (boots unavailable)
Stlth   ++........              (no amulet)
HPRegen 0.11/turn               (no ring)
MPRegen 0.00/turn               (no ring)

@: flying
A: sickness immunity, fire resistance 2, cold vulnerability 1, float, innate
caster, HP casting, extra vitality 1
a: no special abilities


You were on level 3 of the Dungeon.
You visited 1 branch of the dungeon, and saw 3 of its levels.

You collected 58 gold pieces.
You spent 36 gold pieces at shops.

Inventory:

Hand Weapons
 g - a +0 club
 h - a +0 dagger
 l - a +1 hand axe (weapon)
Armour
 a - a +1 robe (worn)
 c - a +0 helmet (worn)
 i - a +0 robe
 t - a +0 cloak
Jewellery
 r - a ring of protection from fire
 v - a +6 ring of strength
Scrolls
 e - a scroll of immolation
 j - a scroll of amnesia {unknown}
 m - 2 scrolls of identify {unknown}
 p - a scroll of fog {unknown}
 q - a scroll of magic mapping {unknown}
 s - a scroll of blinking {unknown}
Potions
 k - a potion of berserk rage {unknown}
 n - a potion of flight {unknown}
 o - a potion of might {unknown}


   Skills:
 * Level 3.2 Fighting
 - Level 2.1 Dodging
 - Level 1.5 Stealth
 + Level 3.7 Spellcasting


You couldn't memorise any spells.
You knew the following spells:

 Your Spells              Type           Power      Damage    Failure   Level
a - Freeze                Ice            64%        1d8       3%          1
b - Frozen Ramparts       Ice            32%        1d5       10%         3
c - Ozocubu's Armour      Ice            16%        N/A       10%         3
d - Hailstorm             Conj/Ice       16%        3d6       32%         4
e - Sting                 Tmut/Pois      64%        1d6       3%          1
Your spell library was empty.

Dungeon Overview and Level Annotations

Branches:
Dungeon (3/15)

Altars:

Shops:
D:2 !


Innate Abilities, Weirdness & Mutations

You are immune to sickness and miasma.
You are immune to poison.
Your flesh is very heat resistant. (rF++)
You are vulnerable to cold. (rC-)
You float through the air rather than walking.
You learn spells naturally, not from books.
Your magical power is your life essence.
You have superior vitality. (+4 MHP)


Message History

Aiming: Freeze (safe; 3% risk of failure)
Press: ? - help, Shift-Dir - straight line, f - gnoll
Aim: a gnoll, wielding a +0 flail You freeze the gnoll.
The gnoll is moderately wounded.
The gnoll hits you with a +0 flail.
Casting: Freeze (safe; 3% risk of failure)
Confirm with . or Enter, or press ? or * to list all spells.
Aiming: Freeze (safe; 3% risk of failure)
Press: ? - help, Shift-Dir - straight line, f/p - gnoll
Aim: a gnoll, wielding a +0 flail (moderately wounded)
You freeze the gnoll!
The gnoll is almost dead.
The gnoll hits you with a +0 flail.
Casting: Freeze (safe; 3% risk of failure)
Confirm with . or Enter, or press ? or * to list all spells.
Aiming: Freeze (safe; 3% risk of failure)
Press: ? - help, Shift-Dir - straight line, f/p - gnoll
Aim: a gnoll, wielding a +0 flail (almost dead)
You freeze the gnoll.
The gnoll is almost dead.
The gnoll hits you with a +0 flail.
* * * LOW HITPOINT WARNING * * *
As you read the scroll labelled JAAMA SEBIFEI, it crumbles to dust.
The creatures around you are filled with an inner flame!
It was a scroll of immolation.
The gnoll hits you with a +0 flail.
* * * LOW HITPOINT WARNING * * *
You feel better. The gnoll hits you with a +0 flail.
As you read the scroll labelled LOQ LOSORRI WIJY, it crumbles to dust.
It is a scroll of enchant armour.
Your +0 robe glows green for a moment.
The gnoll hits you with a +0 flail.
* * * LOW HITPOINT WARNING * * *
As you read the scroll labelled HOSTRE IBRELUY, it crumbles to dust.
It is a scroll of enchant weapon.
Your +0 hand axe glows red for a moment.
The gnoll barely misses you.
As you read the scroll labelled VIUFIOQUTZ, it crumbles to dust.
Wisps of shadow whirl around you...
It was a scroll of summoning.
The gnoll hits you with a +0 flail!
You die...

####### #.....#
##.###.# ##
#########r.....#
##...#...ggg@r...##.#
........######......#
(....#..# #.#.##.#
.##. #..# #...##.#
...# #.####.# ###.#
#.# #.# #.# #.####.#
#.# #......# ..#
##.######


You could see 3 gnolls, a friendly quokka (summoned) and a friendly rat
(summoned).

Vanquished Creatures
  A gnoll (D:3)
  3 adders
  2 worms (D:2)
  5 bats
  10 endoplasms
  2 giant cockroaches
  5 goblins
  4 hobgoblins (D:2)
  2 kobolds
  2 ball pythons
  6 rats
42 creatures vanquished.

Notes
Turn   | Place    | Note
-------+----------+-------------------------------------------
     0 | D:1      | dolemite99 the Djinni Ice Elementalist began the quest for
                  | the Orb.
     0 | D:1      | dolemite99 set off with the following spells memorised:
                  | Freeze, Frozen Ramparts, Ozocubu's Armour, Hailstorm.
     0 | D:1      | Reached XP level 1. HP: 15/15 MP: 0/0
   352 | D:1      | Reached skill level 1 in Fighting
   732 | D:1      | Reached XP level 2. HP: 19/22 MP: 0/0
  1688 | D:2      | Reached XP level 3. HP: 23/28 MP: 0/0
  1688 | D:2      | Learned a level 1 spell: Sting
  1830 | D:2      | Reached XP level 4. HP: 16/34 MP: 0/0
  2346 | D:2      | Found Varits's Distillery.
  2354 | D:2      | Bought a potion of curing for 36 gold pieces
  2644 | D:3      | Slain by a gnoll

Illustrated notes

Levels and vault maps discovered:
D:1:      dpeg_arrival_court, layout_basic
D:2:      layout_basic, serial_shops, nicolae_shop_stone
D:3:      layout_loops_corners, mainiacjoe_overflow_catwalk, uniq_terence

Skill      XL: |  1  2  3  4 |
---------------+-------------+-----
Fighting       | 1 2 3 |  3.2
Dodging        | |  2.1
Stealth        | |  1.5
Spellcasting   | |  3.7

Action                   |  1- 3 |  4- 6 || total
-------------------------+-------+-------++-------
Melee: Unarmed           |     4 |       ||     4
       Dagger            |     9 |       ||     9
       Hand axe          |       |    11 ||    11
 Cast: Freeze            |    38 |    32 ||    70
  Use: Scroll            |       |     4 ||     4
       Potion            |       |     1 ||     1
Armor: Robe              |    10 |    10 ||    20
Dodge: Dodged            |    27 |    22 ||    49

Table legend: (Time is in decaauts)
 A = Elapsed time spent in this place.
 B = Non-inter-level travel time spent in this place.
 C = Inter-level travel time spent in this place.
 D = Time resting spent in this place.
 E = Time spent auto-exploring this place.
 F = Levels seen in this place.
 G = Mean time per level.
                   A        B        C        D        E       F      G
               +--------+--------+--------+--------+--------+-----+--------+
         Total |   2645 |   2574 |     71 |    169 |   2029 |   3 |  881.7 |
       Dungeon |   2645 |   2574 |     71 |    169 |   2029 |   3 |  881.7 |
               +--------+--------+--------+--------+--------+-----+--------+

Top non-repeatable levels by time:
     D:1: 1525 daAuts
     D:2: 1067 daAuts
     D:3: 53 daAuts
